 Dungeon Crawl Stone Soup version 0.31-a0-692-gf03d1854d5 (webtiles) character file.

Game seed: 1202974266226836902

478 qw the Shooter (level 7, -4/44 HPs)
             Began as a Gargoyle Hunter on Sept 6, 2023.
             Was an Initiate of Okawaru.
             Engulfed by a steam dragon's steam (8 damage)
             ... on level 5 of the Dungeon.
             The game lasted 00:01:32 (4130 turns).

qw the Shooter (Gargoyle Hunter)                    Turns: 4130, Time: 00:01:33

Health: -4/44      AC: 11    Str: 14    XL:     7   Next: 11%
Magic:  7/7        EV: 10    Int: 10    God:    Okawaru [......]
Gold:   134        SH:  0    Dex: 15    Spells: 6/6 levels left

rFire   . . .        Y - +0 shortbow
rCold   + . .        (shield currently unavailable)
rNeg    + . .        j - +0 ring mail
rPois   inf          (no helmet)
rElec   +            c - scarf {repulsion}
rCorr   .            (no gloves)
SInv    .            t - +0 pair of boots
Will    +....        d - amulet of faith
Stlth   +            e - ring of willpower
HPRegen 0.27/turn    r - ring of protection from cold
MPRegen 0.10/turn

%: repel missiles, faith
@: no status effects
A: sickness immunity, AC +4, negative energy resistance 1, electricity
resistance, torment resistance 1, petrification resistance
a: Renounce Religion


You were on level 5 of the Dungeon.
You worshipped Okawaru.
Okawaru was noncommittal.
You visited 2 branches of the dungeon, and saw 6 of its levels.

You collected 134 gold pieces.


Innate Abilities, Weirdness & Mutations

You are immune to sickness and miasma.
Your stone body is resilient. (AC +4)
You are immune to poison.
You resist negative energy. (rN+)
You are resistant to electric shocks. (rElec)
You are resistant to unholy torment.
You are immune to petrification.


   Skills:
 - Level 4.9 Fighting
 + Level 7.1 Ranged Weapons
 - Level 1.0 Armour
 - Level 1.5 Dodging
 - Level 1.1 Stealth


You had 6 spell levels left.
You didn't know any spells.
Your spell library was empty.

Inventory:

Hand Weapons
 Y - a +0 shortbow (weapon)
Armour
 c - a scarf of repulsion (worn)
 j - a +0 ring mail (worn)
 l - a +0 cloak
 t - a +0 pair of boots (worn)
Jewellery
 d - an amulet of faith (around neck)
 e - a ring of willpower (left hand)
 g - an amulet of reflection
 i - a ring of fire
 r - a ring of protection from cold (right hand)
Scrolls
 p - a scroll of identify
Potions
 b - a potion of ambrosia {unknown}
 f - a potion of curing {unknown}
 h - a potion of might {unknown}
 k - a potion of cancellation {unknown}
 n - a potion of magic {unknown}
 o - a potion of degeneration {unknown}
 q - 2 potions of enlightenment
 s - a potion of berserk rage {unknown}
 u - a potion of brilliance {unknown}
 v - a potion of haste {unknown}

Dungeon Overview and Level Annotations

Branches:
Dungeon (5/15)             Temple (1/1) D:5

Altars:
Ashenzari
Cheibriados
Dithmenos
Elyvilon
Fedhas
Gozag
Kikubaaqudgha
Makhleb
Nemelex Xobeh
Okawaru
Ru
Sif Muna
Trog
Uskayaw
Vehumet
The Shining One

Annotations:
D:2 1 runed translucent door, Crazy Yiuf
D:5 Grinder


Message History

Enter note:
Enter note:
4125 ||| Stepping ~*~*~tactically~*~*~ (retreating).
An adder comes into view.
The steam dragon bites you but does no damage.
The steam dragon claws you but does no damage.
Enter note:
Enter note:
Enter note:
4126 |||
Found retreat position at 0,3 (floor) with 0 blocking monsters and 1 monsters attacking at destination at distance 3
Enter note:
Enter note:
Enter note:
4126 ||| Stepping ~*~*~tactically~*~*~ (retreating).
The steam dragon misses you.
The steam dragon claws you but does no damage.
Enter note:
Enter note:
Enter note:
4127 |||
Found retreat position at 0,2 (floor) with 0 blocking monsters and 1 monsters attacking at destination at distance 2
4127 ||| Stepping ~*~*~tactically~*~*~ (retreating).
The steam dragon attacks as it pursues you!
The steam dragon bites you but does no damage.
The steam dragon claws you but does no damage.
Enter note:
Enter note:
Enter note:
4128 |||
Found retreat position at 0,1 (floor) with 0 blocking monsters and 1 monsters attacking at destination at distance 1
4128 ||| Stepping ~*~*~tactically~*~*~ (retreating).
The steam dragon breathes steam at you. The ball of steam hits you!
You shoot an arrow.
The arrow closely misses the steam dragon.
The arrow hits the hound!
The hound is severely wounded.
You are engulfed in a cloud of scalding steam.
You shoot an arrow. The arrow hits the steam dragon.
The steam dragon is lightly wounded.
You are engulfed in a cloud of scalding steam.
You die...

.....#..S...#.###..'.D....#
.5......<#..#.# ####......#
....#...##...######......#
....+......#.............######
. #....###).....#.######8...8
#.g..# #...#.#.##...#.....
#..g## ##.h.<.....}....>..
#...# #D###...#...#..... #...#
#@# #########8...8 #...# #.#
###### #...# #¤# #### #...# #¤#
# #... ....... #.. ####'####..W
.........# ### .......¤#..#
.....!...# ......#...##
.g.......# ..... ##.>#
..:......# .... ####


You could see a steam dragon and a hound.

Vanquished Creatures
  2 black bears (D:5)
  A howler monkey (D:4)
  2 hounds
  An orc priest (D:3)
  An iguana (D:5)
  An orc wizard (D:2)
  2 gnolls (D:4)
  An adder (D:2)
  2 worms
  A dart slug (D:2)
  7 orcs
  6 ball pythons
  8 bats
  6 endoplasms
  2 giant cockroaches
  6 goblins
  8 hobgoblins
  9 jackals
  A quokka (D:4)
  A frilled lizard (D:1)
  6 kobolds
  7 rats (D:1)
81 creatures vanquished.

Notes
Turn   | Place    | Note
-------+----------+-------------------------------------------
     0 | D:1      | qw the Gargoyle Hunter began the quest for the Orb.
     0 | D:1      | Reached XP level 1. HP: 12/12 MP: 1/1
     0 | D:1      | 0 ||| qw: Version: 0.3-a-76-g4403597
     0 | D:1      | 0 ||| qw: Game counter: 225
     0 | D:1      | 0 ||| qw: Melee chars always use a shield: true
     0 | D:1      | 0 ||| qw: God list: Okawaru
     0 | D:1      | 0 ||| qw: Allow faded altars: false
     0 | D:1      | 0 ||| qw: Do Orc after clearing Dungeon:15 true
     0 | D:1      | 0 ||| qw: Do second Lair branch before Depths: true
     0 | D:1      | 0 ||| qw: Lair rune preference: random
     0 | D:1      | 0 ||| qw: Goals: Normal
     0 | D:1      | 0 ||| PLANNING D:1-11
   163 | D:1      | Reached XP level 2. HP: 17/17 MP: 2/2
   384 | D:1      | Reached XP level 3. HP: 21/21 MP: 3/3
   464 | D:1      | Reached skill level 5 in Ranged Weapons
   914 | D:1      | 914 ||| UPGRADING to +0 ring mail.
   924 | D:1      | 924 ||| DROPPING +0 leather armour.
   925 | D:1      | 925 ||| UPGRADING to amulet of faith.
   930 | D:1      | 930 ||| DROPPING amulet of regeneration.
   931 | D:1      | 931 ||| UPGRADING to ring of willpower.
   932 | D:1      | 932 ||| READING scroll labelled ZUKHUO POELORCH.
   933 | D:1      | 933 ||| READING scroll labelled DUBUKH ZOECY.
   934 | D:1      | 934 ||| DROPPING scroll of butterflies.
  1076 | D:2      | Reached skill level 1 in Armour
  1082 | D:2      | Reached skill level 3 in Fighting
  1082 | D:2      | Reached XP level 4. HP: 24/28 MP: 4/4
  1459 | D:2      | Found a runed translucent door.
  1460 | D:2      | Noticed Crazy Yiuf
  1769 | D:2      | 1769 ||| UPGRADING to scarf of repulsion.
  1774 | D:2      | 1774 ||| READING scroll labelled UNUUXKI YGUA.
  1775 | D:2      | 1775 ||| READING scroll labelled LUTYICS HEFI.
  1776 | D:2      | 1776 ||| READING scroll labelled BIPIT DEOFU.
  1777 | D:2      | 1777 ||| READING 4 scrolls labelled NUFINO AROATA.
  1778 | D:2      | 1778 ||| READING 4 scrolls labelled UJESMAMEUG.
  1815 | D:2      | 1815 ||| READING 2 scrolls labelled ASI DYUNINI.
  1816 | D:2      | 1816 ||| READING scroll labelled RUMUHUMN IBOI.
  1817 | D:2      | 1817 ||| READING scroll labelled LEPLATHR OMATER.
  1818 | D:2      | 1818 ||| DROPPING 3 scrolls of immolation.
  1927 | D:3      | 1927 ||| Stepping ~*~*~tactically~*~*~ (retreating).
  1930 | D:3      | 1930 ||| Stepping ~*~*~tactically~*~*~ (retreating).
  1931 | D:3      | 1931 ||| Stepping ~*~*~tactically~*~*~ (retreating).
  1932 | D:3      | 1932 ||| Stepping ~*~*~tactically~*~*~ (retreating).
  1933 | D:3      | 1933 ||| Stepping ~*~*~tactically~*~*~ (retreating).
  1934 | D:3      | 1934 ||| Stepping ~*~*~tactically~*~*~ (retreating).
  1938 | D:3      | 1938 ||| Stepping ~*~*~tactically~*~*~ (retreating).
  1939 | D:3      | 1939 ||| Stepping ~*~*~tactically~*~*~ (retreating).
  1953 | D:3      | Reached XP level 5. HP: 15/32 MP: 5/5
  2220 | D:3      | Found an opulent altar of Gozag.
  2497 | D:3      | 2497 ||| READING 2 scrolls labelled PIKKOEQOACK.
  2498 | D:3      | 2498 ||| DRINKING 2 orange potions.
  2499 | D:3      | 2499 ||| DROPPING scroll of revelation.
  2619 | D:4      | Found a shimmering blue altar of Sif Muna.
  2722 | D:4      | 2722 ||| Stepping ~*~*~tactically~*~*~ (outnumbered).
  2729 | D:4      | HP: 3/32 [gnoll/+0 halberd (7)]
  2730 | D:4      | 2730 ||| READING 4 scrolls of teleportation.
  3048 | D:4      | Reached skill level 6 in Ranged Weapons
  3117 | D:4      | Found a snail-covered altar of Cheibriados.
  3249 | D:4      | 3249 ||| UPGRADING to +0 pair of boots.
  3254 | D:4      | 3254 ||| UPGRADING to ring of protection from cold.
  3261 | D:5      | Entered Level 5 of the Dungeon
  3291 | D:5      | Noticed a black bear
  3300 | D:5      | Killed a black bear
  3301 | D:5      | Reached XP level 6. HP: 22/40 MP: 6/6
  3505 | D:5      | Noticed a steam dragon
  3506 | D:5      | 3506 ||| Stepping ~*~*~tactically~*~*~ (cloud).
  3518 | D:5      | HP: 5/40 [steam dragon (7)]
  3519 | D:5      | 3519 ||| READING 3 scrolls of teleportation.
  3521 | D:5      | Found a staircase to the Ecumenical Temple.
  3522 | D:5      | 3522 ||| PLANNING TEMPLE
  3659 | D:5      | 3659 ||| READING 2 scrolls of identify.
  3659 | D:5      | 3659 ||| IDENTIFYING sapphire potion
  3660 | D:5      | 3660 ||| DROPPING potion of attraction.
  3667 | Temple   | Entered the Ecumenical Temple
  3668 | Temple   | 3668 ||| PLANNING OKAWARU WORSHIP
  3683 | Temple   | Became a worshipper of Warmaster Okawaru
  3684 | Temple   | 3684 ||| PLANNING D:1-11
  3771 | D:5      | Noticed a black bear
  3783 | D:5      | Killed a black bear
  3785 | D:5      | HP: 7/40 [phantom (5)]
  3786 | D:5      | 3786 ||| READING 2 scrolls of teleportation.
  3788 | D:5      | Noticed Grinder
  3789 | D:5      | 3789 ||| FLEEEEING.
  3790 | D:5      | 3790 ||| FLEEEEING.
  3798 | D:5      | 3798 ||| STAIRDANCE
  3914 | D:5      | 3914 ||| STAIRDANCE
  3929 | D:5      | 3929 ||| STAIRDANCE
  3936 | D:4      | Reached XP level 7. HP: 44/44 MP: 7/7
  3938 | D:5      | 3938 ||| STAIRDANCE
  3954 | D:4      | Reached skill level 7 in Ranged Weapons
  3959 | D:4      | HP: 10/44 [gnoll/+0 club[a gnoll bouda] (4)]
  3960 | D:4      | 3960 ||| READING scroll of teleportation.
  4115 | D:5      | 4115 ||| Stepping ~*~*~tactically~*~*~ (cloud).
  4116 | D:5      | 4116 ||| Stepping ~*~*~tactically~*~*~ (cloud).
  4125 | D:5      | 4125 ||| Stepping ~*~*~tactically~*~*~ (retreating).
  4126 | D:5      | 4126 ||| Stepping ~*~*~tactically~*~*~ (retreating).
  4127 | D:5      | 4127 ||| Stepping ~*~*~tactically~*~*~ (retreating).
  4128 | D:5      | 4128 ||| Stepping ~*~*~tactically~*~*~ (retreating).
  4128 | D:5      | HP: 9/44 [steam dragon/ball of steam (17)]
  4129 | D:5      | HP: 3/44 [steam dragon] (6)]
  4130 | D:5      | Engulfed by a steam dragon's steam

Levels and vault maps discovered:
D:1:      roderic_octagonal_star, layout_basic, interstate_on_off,
          dreamdust_princess_bridge
D:2:      layout_basic, amcnicky_mini_pool_small, minmay_tromino_v2,
          uniq_crazy_yiuf_cottage
D:3:      layout_basic, lemuel_crystal_altar
D:4:      layout_loops_ring, mainiacjoe_overflow_brackets, chei_slow_surprise,
          grunt_decor_resistance
D:5:      layout_basic, minmay_temple_entry_antechambers, uniq_grinder,
          uniq_duvessa
Temple:   compressed_dpeg_triangle_lava_temple

Skill      XL: |  1  2  3  4  5  6  7 |
---------------+----------------------+-----
Ranged Weapons | 5 6 7 |  7.1
Armour         | 1 |  1.0
Fighting       | 3 4 |  4.9
Dodging        | |  1.5
Stealth        | |  1.1

Action                     |  1- 3 |  4- 6 |  7- 9 || total
---------------------------+-------+-------+-------++-------
   Fire: Shortbow          |   107 |   185 |    28 ||   320
    Use: Scroll            |     2 |    13 |     1 ||    16
         Potion            |       |     1 |       ||     1
 Armour: Leather armour    |    32 |       |       ||    32
         Ring mail         |     6 |   125 |    48 ||   179
  Dodge: Dodged            |    23 |    57 |    25 ||   105
         Repelled          |       |     1 |       ||     1

Table legend:
 A = Non-vault XP
 B = Vault XP
 C = Vault XP percentage of total XP
 D = Non-vault monster count
 E = Vault monster count
 F = Vault count percentage of total count
                 A         B        C        D         E       F
            +---------+---------+-------+---------+---------+-------
      Total |     680 |       3 |   0.4 |      79 |       2 |   2.5
            +---------+---------+-------+---------+---------+-------
        D:1 |      55 |       0 |   0.0 |      33 |       0 |   0.0
        D:2 |      80 |       3 |   3.6 |      16 |       2 |  11.1
        D:3 |      70 |       0 |   0.0 |      14 |       0 |   0.0
        D:4 |     140 |       0 |   0.0 |      12 |       0 |   0.0
        D:5 |     335 |       0 |   0.0 |       4 |       0 |   0.0
            +---------+---------+-------+---------+---------+-------
